 Dungeon Crawl Stone Soup version 0.30.0-13-g156ef70053 (webtiles) character file.

Game seed: 8464721977929219574

19169 freelancePsychic the Fighter (level 12, -9/107 HPs)
             Began as a Demigod Enchanter on May 17, 2023.
             Mangled by a six-headed hydra (10 damage)
             ... on level 2 of the Lair of Beasts.
             The game lasted 00:30:39 (14505 turns).

freelancePsychic the Fighter (Demigod Enchanter)   Turns: 14505, Time: 00:30:39

Health: -9/107     AC:  8    Str: 12    XL:     12   Next: 7%
Magic:  15/22      EV: 11    Int: 39    God:
Gold:   1363       SH:  0    Dex: 14    Spells: 4/20 levels left

rFire   + + +        B - +8 quick blade of the Protecting Sybil {freeze, rF++}
rCold   . . .        (no shield)
rNeg    + . .        u - +0 leather armour
rPois   +            h - +2 hat
rElec   .            o - +1 cloak "Eqay" {rF+}
rCorr   +            (no gloves)
SInv    .            C - +0 pair of boots "Resiq" {rN+ rCorr Str+3 Int+6}
Will    ++...        (no amulet)
Stlth   +++          n - ring of poison resistance
HPRegen 0.37/turn    D - ring of willpower
MPRegen 0.18/turn

%: no passive effects
@: about to teleport
A: high MP 1, forlorn, divine attributes
a: no special abilities


You were on level 2 of the Lair of Beasts.
You visited 2 branches of the dungeon, and saw 14 of its levels.
You also visited: Sewer and Bailey.

You collected 1363 gold pieces.

Inventory:

Hand Weapons
 a - a +2 heavy dagger
 t - a +1 rapier of venom
 B - the +8 quick blade of the Protecting Sybil (weapon) {freeze, rF++}
   (You acquired it on level 7 of the Dungeon)

   rF:        It greatly protects you from fire.
Missiles
 k - 4 throwing nets
Armour
 h - a +2 hat (worn)
 o - the +1 cloak "Eqay" (worn) {rF+}
   (You found it on level 8 of the Dungeon)

   rF:        It protects you from fire.
 u - a +0 leather armour (worn)
 w - a +0 cloak
 y - a scarf of resistance
 C - the +0 pair of boots "Resiq" (worn) {rN+ rCorr Str+3 Int+6}
   (You found it in a bailey)

   Str:       It affects your strength (+3).
   Int:       It affects your intelligence (+6).
   rN:        It protects you from negative energy.
   rCorr:     It protects you from acid and corrosion.
 E - a +2 pair of boots
 R - the scarf of Hedonism {repulsion, Fly rC+ Int+2 Dex-2 Stlth-}
   (You found it on level 1 of the Lair of Beasts)

   Int:       It affects your intelligence (+2).
   Dex:       It affects your dexterity (-2).
   rC:        It protects you from cold.
   Fly:       It grants you flight.
   Stlth:     It makes you less stealthy.
Magical Staves
 q - a staff of air
Jewellery
 n - a ring of poison resistance (left hand)
 A - a +6 ring of strength
 D - a ring of willpower (right hand)
 G - a +6 ring of strength
Wands
 b - a wand of flame (11)
 K - a wand of polymorph (10)
 M - a wand of mindburst (11)
Scrolls
 d - 7 scrolls of teleportation {@r4}
 g - 3 scrolls of enchant armour
 z - 2 scrolls of poison
 H - 3 scrolls of immolation
 I - a scroll of silence
 O - a scroll of enchant weapon
 P - 2 scrolls of noise
 Q - a scroll of fog
Potions
 c - 3 potions of mutation
 e - 5 potions of might {unknown}
 f - a potion of cancellation
 i - 3 potions of flight {unknown}
 j - 3 potions of haste {@q3}
 l - 2 potions of attraction
 m - a potion of degeneration {unknown}
 p - 3 potions of curing {@q1}
 s - 7 potions of lignification
 v - 4 potions of brilliance {unknown}
 x - 3 potions of heal wounds {unknown}
 F - a potion of magic {unknown}
Miscellaneous
 J - a condenser vane
 N - a box of beasts


   Skills:
 + Level 10.5 Fighting
 - Level 8.0 Short Blades
 - Level 1.7 Dodging
 - Level 5.0 Stealth
 - Level 4.5 Spellcasting
 - Level 2.0 Conjurations
 - Level 6.0 Hexes
 + Level 6.7 Transmutations
 + Level 8.1 Air Magic
 - Level 2.0 Poison Magic


You had 4 spell levels left.
You knew the following spells:

 Your Spells              Type           Power      Damage    Failure   Level
a - Confusing Touch       Hex            53%        N/A       1%          3
b - Tukima's Dance        Hex            53%        N/A       1%          3
c - Storm Form            Tmut/Air       30%        N/A       86%         7
e - Mephitic Cloud        Conj/Pois/Air  40%        N/A       2%          3

Your spell library contained the following spells:

 Spells                   Type           Power      Damage    Failure   Level
 Magic Dart               Conj           96%        1d7       1%          1
 Ensorcelled Hibernation  Hex/Ice        64%        N/A       1%          2
 Dazzling Flash           Conj/Hex       80%        N/A       2%          3
 Inner Flame              Hex/Fire       32%        N/A       3%          3
 Cause Fear               Hex            26%        N/A       3%          4
 Apportation              Tloc           16%        N/A       4%          1
 Momentum Strike          Conj/Tloc      32%        3d8       4%          2
 Blink                    Tloc           16%        N/A       6%          2
 Call Imp                 Summ           16%        N/A       6%          2
 Lesser Beckoning         Tloc           16%        N/A       6%          2
 Anguish                  Hex/Necr       16%        N/A       12%         4
 Manifold Assault         Tloc           8%         N/A       38%         4
 Summon Ice Beast         Ice/Summ       8%         N/A       38%         4
 Yara's Violent Unravell  Hex/Tmut       27%        3d12      9%          5
 Alistair's Intoxication  Tmut/Pois      28%        N/A       21%         5
 Summon Mana Viper        Hex/Summ       32%        N/A       34%         5
 Enfeeble                 Hex            26%        N/A       97%         7
 Monstrous Menagerie      Summ           4%         N/A       100%        7


Dungeon Overview and Level Annotations

Branches:
Dungeon (11/15)            Temple (0/1) D:7            Lair (3/5) D:8
 Shoals (0/4) Lair:3        Snake (0/4) Lair:2          Orc (0/2) D:9
  Sewer (visited)          Bailey (visited)

Shops:
D:6 (

Annotations:
D:4 exclusions: 2 gnolls and ogre
D:6 exclusion: door
Lair:2 exclusions: boulder beetle and 2 hydras


Innate Abilities, Weirdness & Mutations

You have an increased reservoir of magic. (+10% MP)
You shall have no god before yourself.
Your divine heritage dramatically boosts your attributes as you level up.


Message History

The wind drake appears confused.
You hit the wind drake but do no damage.
The wind drake is severely wounded.
You hit the wind drake. You freeze the wind drake.
The wind drake is severely wounded.
You hit the wind drake. You freeze the wind drake.
The wind drake is almost dead.
The wind drake is engulfed in noxious fumes.
The wind drake appears confused.
You hit the wind drake. You freeze the wind drake.
You kill the wind drake!
You start resting.
A skyshark comes into view.
A blink frog comes into view.
The blink frog moves out of view.
A blink frog comes into view.
A blink frog comes into view.
The blink frog blinks!
There is a stone staircase leading up here.
The blink frog closely misses you.
You climb upwards.
Level annotation: exclusions: boulder beetle and 2 hydras The six-headed hydra barely misses you.
The six-headed hydra completely misses you.
The six-headed hydra barely misses you. The six-headed hydra bites you.
The six-headed hydra bites you!
The six-headed hydra closely misses you.
There is a stone staircase leading down, spattered with blood here.
As you read the scroll of teleportation {@r4}, it crumbles to dust.
You feel strangely unstable. The blink frog hits you!
The six-headed hydra bites you!
* * * LOW HITPOINT WARNING * * *
The six-headed hydra bites you.
* * * LOW HITPOINT WARNING * * *
The six-headed hydra bites you!
* * * LOW HITPOINT WARNING * * *
The six-headed hydra barely misses you. The six-headed hydra bites you.
* * * LOW HITPOINT WARNING * * *
The six-headed hydra bites you!
You die...

### ............ ...
........... ...
........... ...
.......... ...# #.....#.#
#... #......# .# #D..
##.D...#......##...#
#..@...##.....##...# =.
#..F...#...........#
##...#.............#....
#P..P#.....+...........#
............###.P.##..).#
............P#P.#.P#.....
.........................
P..P#P#####.####.P...###.
###### ##.# ####### ##


You could see a six-headed hydra and a blink frog.

Vanquished Creatures
  Erica (D:8)
  A centaur warrior (D:11)
  Pikel (D:6)
  A manticore (Lair:3)
  A black mamba (Lair:1)
  Maurice (D:11)
  3 cane toads (Lair:1)
  2 komodo dragons
  A rime drake (Lair:1)
  2 trolls (D:11)
  A wind drake (Lair:3)
  Prince Ribbit (D:7)
  13 blink frogs
  A shadow (D:11)
  Eustachio (D:4)
  A wraith (D:11)
  18 yaks
  2 steam dragons
  A basilisk (Lair:1)
  3 vampire mosquitoes
  2 nagas (Lair:2)
  7 water moccasins
  An acid dragon (D:10)
  9 orc warriors
  5 black bears
  A sky beast (D:7)
  4 wolves (Lair:1)
  5 centaurs
  12 kobold brigands
  3 scorpions
  12 bullfrogs
  A gnoll sergeant (D:8)
  6 wights
  10 killer bees
  4 howler monkeys
  7 crimson imps (D:11)
  3 hounds
  2 gnoll boudas (D:7)
  Crazy Yiuf (D:7)
  5 orc priests
  2 iguanas
  A sleepcap (D:4)
  4 orc wizards
  9 gnolls
  9 adders
  8 river rats (Sewer)
  2 shadow imps
  2 white imps
  2 worms
  A dart slug (D:2)
  21 orcs
  10 endoplasms
  4 giant cockroaches
  6 goblins
  7 hobgoblins
  A jackal (D:1)
  4 quokkas
  13 ball pythons
  5 bats
  8 frilled lizards
  46 kobolds
  25 rats
346 creatures vanquished.

Vanquished Creatures (collateral kills)
  A cane toad (Lair:2)
  A black mamba (Lair:2)
  5 wights
  4 gnolls
  An orc (D:7)
12 creatures vanquished.

Vanquished Creatures (others)
  4 dancing weapons
  A butterfly (D:9)
5 creatures vanquished.

Grand Total: 363 creatures vanquished

Notes
Turn   | Place    | Note
-------+----------+-------------------------------------------
     0 | D:1      | freelancePsychic the Demigod Enchanter began the quest for
                  | the Orb.
     0 | D:1      | Reached XP level 1. HP: 14/14 MP: 5/5
    14 | D:1      | Reached skill level 1 in Short Blades
   357 | D:1      | Reached XP level 2. HP: 22/22 MP: 7/7
   554 | D:1      | Reached skill level 1 in Fighting
   989 | D:1      | Reached XP level 3. HP: 28/28 MP: 8/8
  1123 | D:1      | Learned a level 3 spell: Confusing Touch
  1205 | D:2      | You fall into a shaft and drop 1 floor!
  2208 | D:4      | Reached XP level 4. HP: 32/36 MP: 9/9
  2245 | D:4      | Reached skill level 2 in Fighting
  2325 | D:4      | Noticed an ogre
  2782 | D:4      | Reached XP level 5. HP: 40/42 MP: 10/10
  3332 | D:5      | Entered Level 5 of the Dungeon
  3332 | D:5      | Noticed Eustachio
  3352 | D:4      | Killed Eustachio
  3353 | D:4      | Reached skill level 3 in Fighting
  3353 | D:4      | Reached XP level 6. HP: 43/51 MP: 9/11
  3421 | D:4      | Learned a level 3 spell: Tukima's Dance
  4285 | D:6      | Noticed Pikel
  4311 | D:6      | Killed Pikel
  4312 | D:6      | Reached skill level 4 in Fighting
  4312 | D:6      | Reached skill level 5 in Hexes
  4312 | D:6      | Reached XP level 7. HP: 37/59 MP: 8/15
  4530 | D:6      | Found Tueraet's Antique Weapon Shoppe.
  4565 | D:6      | Reached XP level 8. HP: 66/66 MP: 17/17
  4576 | D:6      | Found a glowing drain.
  4588 | Sewer    | Entered a sewer
  5700 | D:6      | Reached skill level 5 in Short Blades
  6327 | D:7      | Found a staircase to the Ecumenical Temple.
  6513 | D:7      | Identified a scroll of acquirement
  6514 | D:7      | Acquired the +8 quick blade of the Protecting Sybil
                  | {freeze, rF++}
  6537 | D:7      | Noticed Prince Ribbit
  6545 | D:7      | Killed Prince Ribbit
  6798 | D:7      | Found a runed translucent door.
  6799 | D:7      | Noticed Crazy Yiuf
  6806 | D:7      | Killed Crazy Yiuf
  6807 | D:7      | Reached XP level 9. HP: 73/73 MP: 19/19
  6811 | D:7      | Learned a level 3 spell: Mephitic Cloud
  7142 | D:8      | Noticed Erica
  7149 | D:7      | Reached skill level 5 in Fighting
  7538 | D:8      | Reached skill level 5 in Stealth
  8373 | D:8      | Killed Erica
  8374 | D:8      | Reached skill level 6 in Fighting
  8374 | D:8      | Reached skill level 1 in Conjurations
  8374 | D:8      | Reached skill level 1 in Air Magic
  8374 | D:8      | Reached skill level 1 in Poison Magic
  8437 | D:8      | Found a staircase to the Lair.
  8629 | D:8      | Identified the +1 cloak "Eqay" {rF+}
  8973 | D:9      | Reached XP level 10. HP: 75/83 MP: 20/20
  9270 | D:9      | Found a flagged portal.
  9310 | D:9      | Noticed a catoblepas
  9315 | Bailey   | Entered a bailey
  9361 | Bailey   | Reached skill level 7 in Fighting
  9463 | Bailey   | Reached skill level 8 in Fighting
  9475 | Bailey   | Identified the +0 pair of boots "Resiq" {rN+ rCorr Str+3
                  | Int+6}
  9942 | D:10     | Entered Level 10 of the Dungeon
 10238 | D:10     | Reached skill level 1 in Transmutations
 11016 | D:11     | Identified the +0 helmet of the Invisible Youths {Harm
                  | rPois rN+}
 11032 | D:11     | Reached skill level 5 in Air Magic
 11548 | D:11     | Noticed Maurice
 11555 | D:11     | Killed Maurice
 11688 | D:11     | Reached XP level 11. HP: 86/95 MP: 21/21
 11891 | D:11     | Reached skill level 9 in Fighting
 12150 | D:11     | Noticed a centaur warrior
 12169 | D:11     | Killed a centaur warrior
 12439 | Lair:1   | Entered Level 1 of the Lair of Beasts
 12549 | Lair:1   | Learned a level 7 spell: Storm Form
 12917 | Lair:1   | Reached skill level 5 in Transmutations
 13210 | Lair:1   | Identified the scarf of Hedonism {repulsion, Fly rC+ Int+2
                  | Dex-2 Stlth-}
 13532 | Lair:2   | Reached skill level 10 in Fighting
 13800 | Lair:2   | Noticed a five-headed hydra
 13935 | Lair:2   | Noticed a boulder beetle
 13975 | Lair:2   | Found a staircase to the Snake Pit.
 14056 | Lair:2   | Noticed a six-headed hydra
 14386 | Lair:3   | Reached XP level 12. HP: 51/107 MP: 3/22
 14505 | Lair:2   | HP: 1/107 [six-headed hydra (6)]
 14505 | Lair:2   | Mangled by a six-headed hydra

Illustrated notes

Levels and vault maps discovered:
D:1:      giann_horns, layout_loops_corners, minmay_tetromino_o4
D:2:      layout_basic, minmay_indecisive_spiral
D:3:      layout_basic, nicolae_overflow_crystal_walls,
          nicolae_ru_the_path_less_chosen, minmay_circle_x
D:4:      layout_basic, mainiacjoe_overflow_catwalk,
          nicolae_gozag_cash_rules_everything_around_me,
          mainiacjoe_overflow_divided_tiny, minmay_increasing_density
D:5:      layout_cave_pools, mainiacjoe_overflow_surrounded_room, uniq_eustachio
D:6:      lemuel_ice_spiral_2, layout_basic, gammafunk_temple_overflow_elements,
          serial_shops, shop, cheibrodos_sewer_entry_bend, uniq_pikel
D:7:      layout_rooms, minmay_temple_entry_gardened_gates, uniq_prince_ribbit1,
          uniq_crazy_yiuf_cottage
D:8:      layout_gridville, due_lair_maze_entry_diamond, uniq_erica
D:9:      layout_rooms, grunt_dithmenos_smoke_and_mirrors,
          nicolae_elyvilon_peaceful_grove,
          kennysheep_orc_monster_closet_entryway, enter_bailey_2
D:10:     layout_basic, kennysheep_cluttered_room
D:11:     layout_basic, minmay_nine_imps, uniq_maurice
Lair:1:   layout_regular_city, infiniplex_staircase_pool_2, grunt_megastairs_5
Lair:2:   layout_regular_city, guppyfry_snake_entry_garden, basic_altar
Lair:3:   layout_cave_pods, minmay_shoals_entry_beasts, enter_volcano_1

Skill      XL: |  1  2  3  4  5  6  7  8  9 10 11 |
---------------+----------------------------------+-----
Short Blades   | 1 2 3 4 6 8 |  8.0
Stealth        | 3 4 5 |  5.0
Fighting       | 1 2 3 4 6 8 10 | 10.5
Hexes          | 3 4 5 6 |  6.0
Spellcasting   | 3 4 |  4.5
Conjurations   | 2 |  2.0
Air Magic      | 2 5 8 |  8.1
Poison Magic   | 1 2 |  2.0
Transmutations | 3 6 |  6.7
Dodging        | |  1.7

Action                     |  1- 3 |  4- 6 |  7- 9 | 10-12 || total
---------------------------+-------+-------+-------+-------++-------
  Melee: Dagger            |   216 |    85 |       |       ||   301
         Punch             |     4 |     3 |     3 |    15 ||    25
         Rapier            |       |    60 |   253 |       ||   313
         Quick blade       |       |       |   225 |   595 ||   820
   Cast: Confusing Touch   |     1 |    11 |    21 |    28 ||    61
         Tukima's Dance    |       |       |    24 |     6 ||    30
         Mephitic Cloud    |       |       |       |    38 ||    38
  Evoke: Wand              |       |       |       |     3 ||     3
    Use: Potion            |     2 |     1 |     2 |     7 ||    12
         Scroll            |     6 |     4 |    12 |    12 ||    34
   Stab: Sleeping          |    11 |     5 |     3 |     8 ||    27
         Confused          |       |     7 |    10 |    47 ||    64
         Distracted        |       |       |     2 |       ||     2
         Invisible         |       |       |       |     3 ||     3
 Armour: Robe              |    65 |    23 |       |       ||    88
         Leather armour    |       |     5 |   138 |    82 ||   225
  Dodge: Dodged            |   140 |    81 |   227 |   144 ||   592
